Map: Kairos Junction LE

Players

NeRVe

  • Race: Zerg Zerg
  • League: Master
  • Spawn Location: 11:00

BOOOOOOOOOoM - Winner!

  • Race: Zerg Zerg
  • League: Master
  • Spawn Location: 5:00

VOD

Have the link to the VOD?

Description

Time

  • Played on: March 26, 2019, 8:13 a.m.
  • Length: 23:56
Show
View Real Time Build Order
Export as new Build Order

NeRVe Zerg 

Build Orders: Hatch First, Lurkers, Zergling Baneling 

Get SALT Encoding   

  12  0:01  Drone  
  13  0:13  Overlord  
  13  0:23  Extractor  
  13  0:24  Drone x2  
  15  0:32  Drone  
  16  0:36  Drone  
  17  0:54  Hatchery  
  17  0:56  Drone  
  17  0:58  Extractor  
  17  1:01  Drone  
  17  1:15  Spawning Pool  
  16  1:21  Drone  
  17  1:31  Drone  
  17  1:32  Drone  
  19  1:54  Drone  
  20  2:03  Spine Crawler, Zergling x2  
  20  2:04  Zergling x2, Metabolic Boost  
  21  2:12  Zergling x4  
  23  2:20  Zergling x2  
  24  2:31  Overlord  
  24  2:46  Baneling Nest  
  23  2:52  Overlord  
  23  3:13  Queen  
  23  3:14  Drone  
  23  3:17  Zergling x4  
  28  3:34  Zergling x2  
  28  3:36  Baneling x2  
  28  3:37  Zergling x2  
  30  3:52  Baneling  
  30  3:53  Baneling  
  30  3:56  Overlord  
  30  4:09  Zergling x2  
  30  4:16  Zergling x2  
  31  4:22  Zergling x2  
  31  4:23  Hatchery  
  30  4:26  Baneling x2  
  30  4:27  Baneling  
  30  4:28  Baneling  
  30  4:31  Zergling x2  
  30  4:32  Zergling x4  
  29  4:48  Zergling x4  
  31  4:55  Lair  
  29  5:10  Drone x4  
  33  5:27  Drone x2  
  35  5:36  Extractor, Drone x2  
  35  5:38  Queen  
  38  5:50  Drone x2  
  38  5:51  Extractor  
  39  5:58  Drone  
  39  5:59  Overlord, Drone  
  39  6:00  Drone x2  
  39  6:02  Spire  
  42  6:31  Drone x3  
  45  6:33  Overlord  
  45  6:34  Drone x3  
  45  6:35  Drone  
  45  6:38  Extractor  
  48  6:50  Overlord x2  
  48  7:03  Overlord  
  48  7:13  Drone  
  48  7:14  Drone  
  50  7:17  Mutalisk x4  
  58  7:24  Mutalisk x2  
  58  7:29  Mutalisk  
  64  7:37  Drone x2  
  64  7:40  Drone  
  67  7:48  Mutalisk x2  
  71  7:51  Hatchery  
  71  7:58  Drone x3  
  71  8:02  Zerg Flyer Weapons Level 1  
  73  8:06  Drone x2  
  73  8:07  Drone x2  
  77  8:22  Hydralisk Den  
  77  8:26  Drone x2  
  78  8:29  Spore Crawler x2  
  78  8:31  Drone  
  77  8:34  Spore Crawler x2  
  77  8:37  Drone  
  76  8:54  Hydralisk x3  
  76  8:55  Overlord x2, Hydralisk  
  82  9:10  Hatchery  
  82  9:11  Hydralisk  
  83  9:19  Hydralisk x2  
  83  9:22  Drone  
  88  9:35  Hydralisk x2  
  88  9:37  Overlord  
  92  9:45  Lurker Den  
  89  9:48  Hydralisk  
  89  9:52  Infestation Pit  
  90  10:01  Overlord, Drone x2  
  92  10:11  Overlord  
  92  10:12  Overlord  
  92  10:24  Hydralisk x3  
  94  10:38  Hydralisk x3  
  94  10:40  Hydralisk x2  
  94  10:41  Hydralisk x2  
  102  10:46  Hydralisk x2  
  102  10:58  Hydralisk x4  
  110  11:09  Drone  
  110  11:10  Spore Crawler  
  110  11:12  Spore Crawler  
  110  11:13  Hydralisk x2  
  113  11:22  Lurker x4  
  117  11:30  Spore Crawler  
  116  11:38  Hatchery  
  115  11:44  Lurker  
  116  11:58  Baneling x2, Overlord  
  116  11:59  Overlord  
  116  12:08  Overlord x2  
  109  12:23  Lurker x4  
  101  12:38  Hydralisk, Lurker x5  
  101  12:39  Hydralisk x2  
  101  12:41  Drone x2  
  114  12:53  Overlord  
  114  12:55  Hatchery  
  113  13:07  Hive  
  113  13:08  Drone  
  113  13:09  Drone x2  
  113  13:12  Extractor  
  115  13:13  Extractor  
  114  13:22  Lurker x2  
  114  13:24  Drone x3  
  114  13:26  Drone x2  
  121  13:29  Overlord  
  121  13:37  Spore Crawler  
  120  14:06  Hydralisk x3  
  126  14:10  Hydralisk  
  126  14:11  Hydralisk x2  
  126  14:12  Drone x2  
  126  14:13  Drone  
  126  14:16  Lurker  
  126  14:17  Lurker x3  
  139  14:20  Zergling x2  
  140  14:27  Spore Crawler, Spine Crawler  
  138  14:32  Overlord x2, Viper  
  138  14:33  Drone  
  136  14:55  Viper x2  
  136  14:58  Drone  
  143  15:01  Spore Crawler x3  
  143  15:03  Spore Crawler  
  139  15:11  Drone x2  
  141  15:15  Spore Crawler, Hydralisk x3  
  141  15:16  Spore Crawler  
  142  15:29  Hydralisk x2  
  142  15:30  Hydralisk  
  142  15:31  Spore Crawler  
  147  15:54  Hydralisk  
  147  15:55  Hydralisk x2  
  147  15:56  Drone x3  
  156  16:03  Evolution Chamber, Viper  
  156  16:04  Viper x2  
  164  16:18  Hydralisk  
  164  16:19  Overlord, Hydralisk  
  168  16:31  Hydralisk x2  
  168  16:32  Hydralisk x2  
  176  16:40  Hydralisk x2  
  88  18:37  Mutalisk x2  
  88  18:38  Mutalisk x7  
  88  18:40  Zerg Missile Weapons Level 1  
  100  18:43  Hydralisk Den  
  100  18:46  Roach Warren  
  98  18:49  Queen  
  98  18:52  Mutalisk x3  
  98  18:53  Mutalisk x2, Queen  
  103  19:12  Hydralisk x4  
  103  19:18  Mutalisk  
  103  19:19  Mutalisk x4  
  113  19:25  Mutalisk  
  109  19:38  Mutalisk  
  105  19:48  Mutalisk x2  
  105  19:56  Mutalisk  
  101  20:05  Zergling x2  
  102  20:07  Zergling x12  
  102  20:08  Zergling x8  
  102  20:28  Mutalisk  
  102  20:30  Swarm Host  
  102  20:33  Zergling x2  
  104  20:42  Hatchery  
  103  20:48  Zergling x2  
  100  20:57  Zergling x2  
  91  21:14  Zergling x2  
  91  21:16  Zergling x2  
  90  21:24  Hatchery  
  89  21:32  Zergling x2  
  90  21:36  Zergling x2  
  91  21:51  Zergling x2  
  91  21:52  Zergling x4  
  93  22:14  Mutalisk x2  
  91  22:19  Zergling x2  
  92  22:24  Zergling x2  
  80  22:40  Zergling x2  
  80  22:41  Zergling x4  
  75  22:53  Zergling x2  
  72  23:05  Zergling x2  
  71  23:14  Zergling x8  
  71  23:18  Zergling x4  
  77  23:26  Zergling x8  
  77  23:27  Zergling x2  
  75  23:31  Zergling x2  
Show
View Real Time Build Order
Export as new Build Order

BOOOOOOOOOoM Zerg - Winner!

Build Orders: 1 Base Baneling Bust, Pool First, Brood Lord Corruptor 

Get SALT Encoding   

  12  0:00  Drone  
  13  0:22  Spawning Pool  
  13  0:24  Drone  
  13  0:29  Drone  
  14  0:40  Overlord, Extractor  
  13  0:44  Drone  
  14  1:08  Zergling x6, Queen  
  19  1:19  Zergling x2  
  20  1:28  Baneling Nest  
  20  1:32  Zergling x2  
  20  1:41  Zergling x2  
  22  2:01  Zergling x2  
  22  2:02  Hatchery  
  21  2:13  Baneling  
  21  2:14  Baneling  
  21  2:16  Drone  
  22  2:32  Overlord  
  21  2:45  Drone  
  22  2:52  Drone x2  
  24  2:59  Drone  
  24  3:00  Queen  
  24  3:04  Baneling  
  24  3:05  Baneling  
  27  3:08  Drone  
  28  3:14  Queen  
  31  3:20  Drone x2  
  31  3:24  Drone  
  33  3:39  Queen  
  33  3:40  Drone  
  36  3:42  Overlord  
  35  3:56  Overlord  
  34  4:15  Evolution Chamber  
  34  4:16  Evolution Chamber  
  34  4:17  Roach Warren  
  31  4:20  Queen x2  
  31  4:24  Drone  
  36  4:28  Baneling x2  
  36  4:34  Drone x2  
  36  4:35  Drone x3  
  41  4:41  Drone x2  
  41  4:48  Drone x2  
  41  4:49  Drone  
  43  5:00  Drone x3  
  46  5:09  Lair  
  46  5:13  Drone x2  
  48  5:30  Drone x4  
  48  5:32  Extractor  
  48  5:34  Extractor x2  
  48  5:38  Zergling x4  
  50  5:43  Drone  
  50  5:44  Drone  
  50  5:49  Overlord  
  52  6:02  Overlord  
  52  6:08  Drone x3  
  52  6:10  Spire  
  52  6:11  Drone  
  55  6:25  Drone  
  55  6:26  Drone x6  
  62  6:37  Infestation Pit  
  62  6:38  Overlord x2  
  61  6:41  Zerg Ground Armor Level 1  
  61  6:47  Overlord x2  
  61  6:52  Overseer  
  61  6:55  Queen  
  63  7:16  Hive  
  63  7:22  Overlord x3  
  63  7:38  Corruptor x5  
  63  7:40  Overlord x3  
  73  7:45  Queen  
  75  7:53  Corruptor x2  
  79  8:02  Corruptor  
  81  8:13  Corruptor  
  83  8:29  Viper  
  83  8:30  Zergling x2  
  83  8:31  Zergling x18, Queen x2  
  100  9:19  Overlord x4  
  100  9:20  Ultralisk Cavern  
  99  9:54  Queen x2  
  99  9:59  Baneling x3  
  103  10:11  Ultralisk x2  
  103  10:12  Chitinous Plating  
  103  10:14  Hatchery  
  111  10:38  Zergling x2  
  111  10:39  Zergling x40  
  132  10:47  Hatchery  
  131  10:58  Nydus Network  
  130  11:08  Queen  
  132  11:25  Baneling x5  
  132  11:26  Baneling  
  132  11:37  Nydus Canal  
  132  11:45  Baneling x12  
  132  11:46  Baneling x13  
  132  11:50  Baneling x12  
  132  11:51  Baneling x2  
  132  12:26  Nydus Canal, Queen  
  119  12:34  Greater Spire  
  118  12:39  Overlord x2  
  118  12:40  Overlord  
  118  12:50  Overseer x3  
  118  12:53  Hatchery  
  117  12:58  Drone  
  117  12:59  Drone x17  
  135  13:05  Spine Crawler  
  135  13:10  Hatchery  
  133  13:46  Brood Lord x2  
  133  13:47  Brood Lord x4  
  145  13:58  Centrifical Hooks  
  145  14:13  Brood Lord  
  147  14:21  Hatchery  
  146  14:26  Brood Lord  
  146  14:27  Zergling x8  
  152  14:31  Drone  
  153  14:54  Corruptor x2  
  157  15:02  Drone x2  
  156  15:18  Corruptor  
  156  15:21  Viper  
  156  15:40  Viper  
  155  15:56  Extractor  
  146  15:57  Extractor  
  145  16:09  Extractor  
  145  16:10  Extractor  
  143  16:12  Drone x3, Hatchery  
  143  16:13  Drone x3  
  143  16:16  Anabolic Synthesis  
  143  16:18  Hatchery  
  147  16:23  Drone  
  147  16:24  Drone x8  
  156  16:39  Overlord x3  
  156  16:41  Overlord x2  
  156  16:44  Brood Lord  
  152  17:47  Baneling  
  152  17:48  Baneling x18  
  142  17:54  Ultralisk x7  
  142  17:57  Brood Lord  
  133  18:22  Ultralisk x2  
  144  18:27  Mutalisk  
  142  18:38  Drone x8  
  149  18:42  Extractor  
  149  18:43  Extractor, Hatchery  
  133  18:59  Mutalisk  
  133  19:00  Mutalisk x2  
  138  19:24  Corruptor x4  
  138  19:27  Corruptor  
  145  19:33  Zergling x2  
  145  19:34  Zergling x4  
  126  19:59  Corruptor x3  
  120  20:08  Mutalisk x2  
  83  20:29  Viper x2  
  79  20:45  Baneling x4  
  43  21:20  Spine Crawler x2  
  43  21:21  Spore Crawler x2, Spine Crawler  
  43  21:23  Ultralisk x2  
  50  21:28  Mutalisk  
  50  21:31  Zergling x24  
  63  21:43  Queen x3  
  69  21:51  Baneling  
  69  21:52  Baneling  
  64  21:59  Overlord x2  
  64  22:00  Overlord  
  60  22:08  Spore Crawler  
  55  22:10  Spore Crawler  
  47  22:16  Baneling  
  42  22:31  Queen x2  
  46  22:40  Drone  
  46  22:41  Drone x2  
  46  22:43  Drone x2  
  51  22:55  Spore Crawler  
  41  23:16  Spore Crawler  
  32  23:43  Drone x2  
Tags
 
Add a new tag
Caveats
  • Supply blocks, unpowered buildings, or Contaminate may cause inaccurate times.
  • Supply counts are checked every 10 seconds.